 Dungeon Sprint DCSS version 0.23.2-1-ga50397a6bc (webtiles) character file.

Game seed: 2897432907713377083

420 Kobolds4U the Carver (level 6, -7/63 HPs)
             Began as a Minotaur Berserker on May 10, 2019.
             Was a Believer of Trog.
             Mangled by a slime creature (12 damage)
             ... in the Dungeon (Sprint I: "Red Sonja").
             The game lasted 00:01:11 (206 turns).

Kobolds4U the Carver (Minotaur Berserker)            Turns: 206, Time: 00:01:12

Health: -7/63      AC:  3    Str: 22    XL:     6   Next: 62%
Magic:  5/5        EV: 15    Int:  4    God:    Trog [**....]
Gold:   232        SH:  0    Dex: 11    Spells: 5/5 levels left

rFire    . . .     SeeInvis .   a - +0 falchion
rCold    . . .     Gourm    .   (no shield)
rNeg     . . .     Faith    .   k - +0 leather armour
rPois    .         Spirit   .   (helmet restricted)
rElec    .         Reflect  .   (no cloak)
rCorr    .         Harm     .   (no gloves)
MR       .....     NoTele   +   (no boots)
Stlth    +.........             (no amulet)
HPRegen  0.20/turn              (no ring)
MPRegen  0.09/turn              (no ring)

@: no status effects
A: retaliatory headbutt, horns 2
a: Berserk, Trog's Hand, Renounce Religion


You were in the Dungeon.
You worshipped Trog.
Trog was pleased with you.
You were not hungry.

You visited 1 branch You collected 297 gold pieces.
You spent 65 gold pieces at shops.

Inventory:

Hand Weapons
 a - a +0 falchion (weapon)
Armour
 k - a +0 leather armour (worn)
Jewellery
 b - an uncursed ring of fire
Scrolls
 i - a scroll of blinking
Potions
 d - a potion of curing
 e - 2 potions of heal wounds
 f - a potion of haste
 g - 2 potions of magic
 h - a potion of berserk rage
Comestibles
 c - a ration
 j - 4 chunks of flesh


   Skills:
 + Level 9.3 Fighting
 * Level 12.3 Long Blades
 - Level 2.4 Armour
 + Level 8.1 Dodging


You had 5 spell levels left.
You didn't know any spells.
Your spell library was empty.

Dungeon Overview and Level Annotations

Branches:
Dungeon (1/1)

Altars:
Cheibriados
Dithmenos
Elyvilon
Fedhas
Gozag
Hepliaklqana
Kikubaaqudgha
Makhleb
Nemelex Xobeh
Okawaru
Qazlal
Ru
Sif Muna
Trog
Uskayaw
Vehumet
Wu Jian
Xom
Yredelemnul
Zin
The Shining One
Jiyva
Lugonu

Shops:
D !


Innate Abilities, Weirdness & Mutations

You reflexively headbutt those who attack you in melee.
You have a pair of horns on your head.


Message History

The slime creature is heavily wounded.
The slime creature barely misses you. You furiously retaliate!
You headbutt the slime creature! You hit the slime creature.
Your headbutt misses the slime creature.
The slime creature is severely wounded.
The slime creature hits you!
* * * LOW HITPOINT WARNING * * *
You hit the slime creature.
The slime creature is severely wounded.
You barely miss the slime creature.
The slime creature is severely wounded.
The slime creature hits you!
* * * LOW HITPOINT WARNING * * *
You slash the slime creature!
The slime creature is almost dead.
You completely miss the slime creature.
The slime creature is almost dead.
The slime creature hits you!
You die...

###################
#<.#..)..#..'..#__#
#..'[.#..').#..@..+
#..#####'#####'#J_#
#..####..#...#(####
#..#__####..##)#
#..#_____##'#_.+
#⌠⌠#_.∩...÷..._#
####_..__##_.#'#
#_____###+#.#
####### ###


You could see a slime creature.

Vanquished Creatures
  Sigmund (D)
  A yak (D)
  An ogre (D)
  A jelly (D)
  Ijyb (D)
5 creatures vanquished.

Notes
Turn   | Place    | Note
-------+----------+-------------------------------------------
     0 | D        | Kobolds4U the Minotaur Berserker began the quest for the
                  | Orb.
     0 | D        | Reached XP level 1. HP: 19/19 MP: 0/0
     1 | D        | Noticed Ijyb
    13 | D        | Killed Ijyb
    13 | D        | Reached skill level 5 in Fighting
    13 | D        | Reached skill level 6 in Long Blades
    13 | D        | Reached XP level 2. HP: 29/29 MP: 1/1
    30 | D        | Noticed an ogre
    33 | D        | Killed an ogre
    33 | D        | Reached skill level 8 in Long Blades
    33 | D        | Reached skill level 5 in Dodging
    33 | D        | Reached XP level 3. HP: 38/38 MP: 2/2
    33 | D        | Reached XP level 4. HP: 45/45 MP: 3/3
    75 | D        | Noticed Sigmund
    80 | D        | Killed Sigmund
    80 | D        | Reached ** piety under Trog
    80 | D        | Reached skill level 10 in Long Blades
    80 | D        | Reached XP level 5. HP: 45/53 MP: 4/4
   136 | D        | Found an ornate altar of the Wu Jian Council.
   136 | D        | Found a deep blue altar of Sif Muna.
   138 | D        | Found a radiant altar of Vehumet.
   140 | D        | Reached skill level 11 in Long Blades
   140 | D        | Reached XP level 6. HP: 59/62 MP: 5/5
   166 | D        | Found Odicoroi's Distillery.
   166 | D        | Found an ancient bone altar of Kikubaaqudgha.
   166 | D        | Found a hazy altar of Hepliaklqana.
   166 | D        | Found a hide-covered altar of Uskayaw.
   166 | D        | Found a basalt altar of Yredelemnul.
   166 | D        | Found an opulent altar of Gozag.
   166 | D        | Found a snail-covered altar of Cheibriados.
   166 | D        | Found a sacrificial altar of Ru.
   166 | D        | Found a shadowy altar of Dithmenos.
   166 | D        | Noticed a yak
   176 | D        | Killed a yak
   176 | D        | Reached skill level 12 in Long Blades
   177 | D        | Found a stormy altar of Qazlal.
   177 | D        | Found a blossoming altar of Fedhas.
   177 | D        | Found a bloodstained altar of Trog.
   177 | D        | Found an iron altar of Okawaru.
   177 | D        | Found a glowing golden altar of the Shining One.
   177 | D        | Found a glowing silver altar of Zin.
   177 | D        | Found a white marble altar of Elyvilon.
   180 | D        | Found a sparkling altar of Nemelex Xobeh.
   184 | D        | Bought a potion of heal wounds for 65 gold pieces
   194 | D        | Found a viscous altar of Jiyva.
   194 | D        | Found a corrupted altar of Lugonu.
   194 | D        | Noticed a slime creature
   195 | D        | Found a burning altar of Makhleb.
   195 | D        | Found a shimmering altar of Xom.
   206 | D        | Mangled by a slime creature

Skill      XL: |  1  2  3  4  5  6 |
---------------+-------------------+-----
Fighting       | 5 6 8 9 |  9.3
Long Blades    | 6 8 10 11 12 | 12.3
Dodging        | 3 5 7 8 |  8.1
Armour         | |  2.4

Action                   |  1- 3 |  4- 6 || total
-------------------------+-------+-------++-------
Melee: Falchion          |    13 |    26 ||    39
       Headbutt          |     4 |    10 ||    14
Invok: Berserk           |     1 |       ||     1
Armor: Animal skin       |     1 |       ||     1
       Leather armour    |       |     3 ||     3
Dodge: Dodged            |    12 |     8 ||    20
       Rpst.: Falchion   |     2 |     2 ||     4
